 Dungeon Crawl Stone Soup version 0.28.0-53-g5a82cb258f (webtiles) character file.

Game seed: 6846079953300006650

1684 Descartes the Cudgeller (level 8, -18/78 HPs)
             Began as a Troll Chaos Knight on May 29, 2022.
             Was a Plaything of Xom.
             Demolished by Prince Ribbit (26 damage)
             ... on level 6 of the Dungeon.
             The game lasted 00:11:39 (3819 turns).

Descartes the Cudgeller (Troll Chaos Knight)        Turns: 3819, Time: 00:11:40

Health: -18/78     AC:  8    Str: 23      XL:     8   Next: 71%
Magic:  7/7        EV:  9    Int:  7 (8)  God:    Xom [*.....]
Gold:   386        SH:  0    Dex:  9      Spells: 7/7 levels left

rFire   . . .      SeeInvis .   a - +0 mace (chaos)
rCold   . . .      Faith    .   (no shield)
rNeg    . . .      Spirit   .   b - +2 robe
rPois   +          Reflect  .   A - +2 hat
rElec   .          Harm     .   (no cloak)
rCorr   .          Rampage  .   (gloves unavailable)
Will    .....                   (boots unavailable)
Stlth   +.........              x - amulet of magic regeneration
HPRegen 1.03/turn               d - ring of poison resistance
MPRegen 0.50/turn               (no ring)

@: no status effects
A: large, unfitting armour, claws 3, regeneration 1, shaggy fur 1, tough skin 1
a: Renounce Religion


You were on level 6 of the Dungeon.
You worshipped Xom.
You were a special plaything of Xom.
You visited 1 branch of the dungeon, and saw 6 of its levels.
You also visited: Sewer.

You collected 386 gold pieces.

Inventory:

Hand Weapons
 a - a +0 mace of chaos (weapon)
Missiles
 g - 4 boomerangs (quivered)
 h - 207 stones
 i - 8 poisoned darts
Armour
 b - a +2 robe (worn)
 A - a +2 hat (worn)
Jewellery
 d - a ring of poison resistance (left claw)
 x - an amulet of magic regeneration (around neck)
Wands
 t - a wand of mindburst (7)
Scrolls
 j - a scroll of vulnerability {unknown}
 k - 5 scrolls of identify {unknown}
 l - 2 scrolls of amnesia {unknown}
 n - 2 scrolls of enchant armour {unknown}
 p - 5 scrolls of teleportation
 r - a scroll of acquirement {unknown}
 u - a scroll of magic mapping {unknown}
 y - a scroll of blinking {unknown}
Potions
 c - 3 potions of curing {unknown}
 e - 2 potions of lignification {unknown}
 f - 3 potions of heal wounds
 m - a potion of berserk rage {unknown}
 o - 5 potions of flight
 q - 2 potions of might {unknown}
 s - a potion of haste {unknown}
 v - a potion of ambrosia {unknown}
 w - a potion of brilliance {unknown}
 z - a potion of mutation {unknown}


   Skills:
 + Level 4.1 Fighting
 + Level 7.9 Maces & Flails
 - Level 1.9 Dodging
 + Level 4.8 Translocations


You had 7 spell levels left.
You didn't know any spells.
Your spell library contained the following spells:

 Spells                   Type           Power      Damage    Failure   Level
 Magic Dart               Conj           0%         1d3       43%         1
 Call Imp                 Summ           0%         N/A       56%         2
 Ensorcelled Hibernation  Hex/Ice        0%         N/A       56%         2
 Mephitic Cloud           Conj/Pois/Air  0%         N/A       80%         3
 Spider Form              Tmut/Pois      0%         N/A       80%         3
 Anguish                  Hex/Necr       0%         N/A       99%         4


Dungeon Overview and Level Annotations

Branches:
Dungeon (6/15)              Sewer (visited)
 Temple: D:4-7

Altars:
Nemelex Xobeh

Shops:
D:1 [

Annotations:
D:6 Prince Ribbit


Innate Abilities, Weirdness & Mutations

You are too large for most types of armour.
You have claws for hands.
Your natural rate of healing is unusually fast.
You are covered in fur. (AC +1)
You have tough skin. (AC +1)


Message History

The orc resists with significant effort.
The orc is lightly wounded.
The orc barely misses you.
Unknown command.
You hit the orc.
You kill the orc! "You have grown too confident for your meagre worth."
You feel dopey.
Prince Ribbit blinks!
Items here: ))) [[[ ††.
Unknown command.
Prince Ribbit barely misses you.
Things that are here:
a +0 flail; a +0 leather armour You closely miss Prince Ribbit.
Prince Ribbit hits you!
* * * LOW HITPOINT WARNING * * *
You closely miss Prince Ribbit. Prince Ribbit barely misses you.
Prince Ribbit closely misses you.
You hit Prince Ribbit but do no damage.
Prince Ribbit goes berserk!
Prince Ribbit hits you.
* * * LOW HITPOINT WARNING * * *
Prince Ribbit hits you.
* * * LOW HITPOINT WARNING * * *
You miss Prince Ribbit. Prince Ribbit closely misses you.
Prince Ribbit hits you!
* * * LOW HITPOINT WARNING * * *
Unknown command.
You hit Prince Ribbit.
Prince Ribbit's magic leaks into the air.
Prince Ribbit is lightly wounded.
Prince Ribbit closely misses you.
Prince Ribbit hits you but does no damage.
Unknown command.
You closely miss Prince Ribbit.
Prince Ribbit is lightly wounded.
Prince Ribbit's magic is no longer disrupted.
Prince Ribbit hits you but does no damage.
Prince Ribbit hits you!!
You die...
Xom howls with laughter!

##.#### # ... #.. #. #
#.. #.# ...#. #.. ... ##
.....##.# #.# #.
#.......# #.# #.
......F.###.###########.
#......@)...............
.....##.###.#####..####.
#.# #.# #.#####..# #.
..# #.##.....# ## ####
#.##.##.## #.......#
####.#### ....# ..##..#


You could see Prince Ribbit (berserk).

Vanquished Creatures
  Duvessa (D:4)
  A black bear (D:4)
  An ogre (D:4)
  A lemure (D:4)
  Blork the orc (D:5)
  2 scorpions
  A wyvern skeleton (D:6)
  Dowan (D:4)
  A centaur zombie (D:5)
  A gnoll shaman (D:5)
  3 orc priests
  3 iguanas
  Ijyb (D:3)
  A merfolk siren (Sewer)
  4 orc wizards
  A merfolk avatar (Sewer)
  A killer bee zombie (D:5)
  8 adders
  4 gnolls (D:5)
  2 river rats (Sewer)
  A white imp (D:6)
  An ufetubus (D:6)
  An adder skeleton (D:4)
  3 worms
  3 dart slugs
  7 orcs
  4 endoplasms
  6 giant cockroaches
  7 goblins
  2 hobgoblins
  10 kobolds
  4 quokkas
  10 ball pythons
  4 bats
  5 frilled lizards
  27 rats
134 creatures vanquished.

Vanquished Creatures (collateral kills)
  Pikel (D:5)
  A lemure (D:5)
  An orc (D:6)
3 creatures vanquished.

Vanquished Creatures (others)
  Edmund (D:4)
  An ice beast (D:5)
  A scorpion (D:5)
  An orc (D:4)
4 creatures vanquished.

Grand Total: 141 creatures vanquished

Notes
Turn   | Place    | Note
-------+----------+-------------------------------------------
     0 | D:1      | Descartes the Troll Chaos Knight began the quest for the
                  | Orb.
     0 | D:1      | Reached XP level 1. HP: 22/22 MP: 0/0
    47 | D:1      | Reached skill level 3 in Maces & Flails
    94 | D:1      | Reached XP level 2. HP: 29/29 MP: 1/1
   113 | D:1      | XOM: scenery: summon butterflies
   233 | D:1      | Found Yklebym's Armour Shop.
   408 | D:1      | XOM: stat loss: -1 Str (18/19)
   437 | D:2      | Found a sparkling altar of Nemelex Xobeh.
   483 | D:2      | Reached XP level 3. HP: 36/36 MP: 2/2
   522 | D:2      | Reached skill level 4 in Maces & Flails
   529 | D:2      | Identified the +1 leather armour "Fugurryrph" {*Slow rPois
                  | Str+2}
   529 | D:2      | XOM: noise
   779 | D:2      | XOM: polymorph endoplasm -> frilled lizard
   797 | D:2      | Noticed a scorpion
   800 | D:2      | XOM: blink monster(s)
   807 | D:2      | Killed a scorpion
   808 | D:2      | Reached XP level 4. HP: 35/44 MP: 3/3
   809 | D:2      | Reached skill level 5 in Maces & Flails
   903 | D:2      | XOM: 4-stop teleportation journey
  1059 | D:3      | Reached XP level 5. HP: 28/50 MP: 4/4
  1107 | D:3      | Found a glowing drain.
  1118 | Sewer    | Entered a sewer
  1158 | Sewer    | Reached skill level 1 in Translocations
  1347 | Sewer    | XOM: confusion (+ monsters)
  1392 | Sewer    | XOM: blink monster(s)
  1412 | Sewer    | Reached XP level 6. HP: 23/59 MP: 5/5
  1725 | D:3      | Noticed Ijyb
  1725 | D:3      | XOM: 4-stop teleportation journey
  1739 | D:3      | XOM: butterfly on damage
  1740 | D:3      | XOM: 8-stop teleportation journey
  1820 | D:3      | Killed Ijyb
  2106 | D:4      | XOM: stealth player
  2227 | D:4      | Noticed Edmund
  2234 | D:4      | Killed Edmund
  2234 | D:4      | XOM: divine lightning
  2279 | D:4      | Reached skill level 6 in Maces & Flails
  2300 | D:4      | XOM: summons 2 hostile shadow creatures
  2340 | D:4      | Noticed Duvessa
  2341 | D:4      | XOM: summons 2 hostile shadow creatures
  2341 | D:4      | Noticed Dowan
  2348 | D:4      | XOM: 1-stop teleportation journey
  2552 | D:4      | XOM: destruction
  2554 | D:4      | Killed Duvessa
  2554 | D:4      | XOM: butterfly on damage
  2555 | D:4      | Reached XP level 7. HP: 9/66 MP: 6/6
  2561 | D:4      | XOM: stat loss: -1 Int (7/8)
  2570 | D:4      | XOM: swap monsters
  2573 | D:4      | Killed Dowan
  2641 | D:4      | You fall into a shaft and drop 2 floors!
  2645 | D:5      | Entered Level 5 of the Dungeon
  3089 | D:5      | XOM: divine lightning
  3092 | D:5      | Noticed Blork the orc
  3093 | D:5      | Noticed Pikel
  3093 | D:5      | XOM: swap monsters
  3162 | D:5      | XOM: repel stairs
  3167 | D:5      | XOM: summons 4 friendly demons
  3180 | D:5      | Killed Pikel
  3181 | D:5      | Reached skill level 7 in Maces & Flails
  3181 | D:5      | Reached XP level 8. HP: 12/75 MP: 7/7
  3292 | D:5      | Killed Blork the orc
  3558 | D:5      | XOM: god gift: 32 gold pieces
  3710 | D:6      | Identified the -3 buckler of the Devil {+Blink Regen+}
  3787 | D:6      | Noticed Prince Ribbit
  3788 | D:6      | XOM: cast spell 'Call Canine Familiar'
  3811 | D:6      | XOM: stat loss: -1 Int (7/8)
  3819 | D:6      | Demolished by Prince Ribbit

Illustrated notes

Levels and vault maps discovered:
D:1:      giann_bridges, layout_rooms, serial_shops, shop, chequers_garden
D:2:      layout_loops_ring, basic_altar
D:3:      layout_basic, portal_sewer_entry_d, chequers_serial_rivers_small_a,
          hangedman_decor_diamond_cutter, uniq_ijyb
D:4:      layout_loops_cross, uniq_duvessa, uniq_edmund
D:5:      layout_basic, uniq_blork_the_orc, uniq_pikel
D:6:      layout_loops_cross, uniq_prince_ribbit1

Skill      XL: |  1  2  3  4  5  6  7  8 |
---------------+-------------------------+-----
Maces & Flails | 3 4 5 6 7 |  7.9
Translocations | 1 3 4 |  4.8
Fighting       | 3 4 |  4.1
Dodging        | |  1.9

Action                   |  1- 3 |  4- 6 |  7- 9 || total
-------------------------+-------+-------+-------++-------
Melee: Mace              |   114 |   270 |   174 ||   558
       Punch             |     1 |     1 |       ||     2
Throw: Boomerang         |       |     1 |       ||     1
  Use: Potion            |       |       |     1 ||     1
 Stab: Sleeping          |     1 |     2 |       ||     3
       Confused          |       |     1 |     3 ||     4
Armor: Robe              |    71 |   148 |    65 ||   284
Dodge: Dodged            |    67 |   112 |    72 ||   251
